 Dungeon Crawl Stone Soup version 0.31.0-12-g77e489cdc1 (webtiles) character file.

Game seed: 12450994371856412851

37034 GeoRichter the Grappler (level 13, -6/144 HPs)
             Began as an Oni Shapeshifter on Feb 23, 2024.
             Was a High Priest of Wu Jian.
             Killed from afar by a lindwurm (31 damage)
             ... with a blast of flame
             ... on level 5 of the Lair of Beasts.
             The game lasted 00:31:11 (18674 turns).

GeoRichter the Grappler (Oni Shapeshifter)         Turns: 18674, Time: 00:31:11

Health: -6/144     AC: 16    Str: 26    XL:     13   Next: 94%
Magic:  13/13      EV:  7    Int: 11    God:    Wu Jian [*****.]
Gold:   1405       SH: 13    Dex: 12    Spells: 12/12 levels left

rFire   . .          .
                       - Unarmed
rCold   + . .        z - +0 kite shield "Riblocvy" {^Contam +Blink rC+ Dex+3}
rNeg    . . .        B - +2 shadow dragon scales
rPois   +            (helmet currently unavailable)
rElec   .            (cloak currently unavailable)
rCorr   +            (gloves unavailable)
SInv    +            (boots unavailable)
Will    +....        L - amulet of reflection
Stlth   ++           A - ring of Cihicecen {rCorr Str+2 Dex-3 SInv}
HPRegen 0.44/turn    t - ring of Xenua {Fly rPois Str+3 Slay+6}
MPRegen 0.13/turn

%: reflection
@: beast-form, flying, slowed, very slow
A: beast (slay +4), large, unfitting armour, horns 1, tough skin 1, double
potion healing, drunken brawling
a: Begin Untransformation, Renounce Religion, Evoke Blink, Wall Jump, Serpent's
Lash, Heavenly Storm


You were on level 5 of the Lair of Beasts.
You worshipped Wu Jian.
Wu Jian was extremely pleased with you.
You were a hulking beast.
You visited 3 branches of the dungeon, and saw 15 of its levels.
You also visited: Bailey and Volcano.

You collected 1405 gold pieces.

Inventory:

Missiles
 r - a throwing net (quivered) {!f}
 x - 16 curare-tipped darts {!f}
Armour
 z - the +0 kite shield "Riblocvy" (worn) {^Contam +Blink rC+ Dex+3}
   (You acquired it on level 8 of the Dungeon)

   Dex+3:     It affects your dexterity (+3).
   rC+:       It protects you from cold.
   +Blink:    It lets you blink.
   ^Contam:   It causes magical contamination when unequipped.
 B - +2 shadow dragon scales (worn)
   (You found it in a bailey)
Jewellery
 e - a ring of ice
   (You found it on level 1 of the Dungeon)
 t - the ring of Xenua (right hand) {Fly rPois Str+3 Slay+6}
   (You acquired it on level 8 of the Dungeon)

   [ring of flight]

   Str+3:     It affects your strength (+3).
   Slay+6:    It affects your accuracy & damage with ranged weapons and melee
   (+6).
   rPois:     It protects you from poison Fly: It grants you flight.
 A - the ring of Cihicecen (left hand) {rCorr Str+2 Dex-3 SInv}
   (You found it in a bailey)

   [ring of resist corrosion]

   Str+2:     It affects your strength (+2).
   Dex-3:     It affects your dexterity (-3).
   SInv:      It lets you see invisible.
   rCorr:     It protects you from acid and corrosion.
 L - an amulet of reflection (around neck)
   (You found it on level 5 of the Lair of Beasts)
Talismans
 c - a beast talisman (active)
 d - a flux talisman
 E - a blade talisman
   (You found it on level 9 of the Dungeon)
Wands
 j - a wand of flame (12)
   (You found it on level 1 of the Lair of Beasts)
 w - a wand of mindburst (2)
   (You found it on level 7 of the Dungeon)
 J - a wand of polymorph (4)
   (You found it on level 3 of the Lair of Beasts)
 K - a wand of charming (6)
   (You found it on level 4 of the Lair of Beasts)
Scrolls
 f - a scroll of fog {unknown}
 h - 2 scrolls of noise {!r}
 m - a scroll of enchant weapon {unknown}
 n - 3 scrolls of enchant armour {unknown}
 q - 2 scrolls of torment {!r}
 s - a scroll of blinking
 u - 2 scrolls of amnesia
 y - a scroll of summoning {unknown}
 C - a scroll of teleportation {@r4}
 H - a scroll of fear {unknown}
 I - a scroll of vulnerability {unknown}
Potions
 a - a potion of degeneration {unknown}
 b - 5 potions of lignification {!q}
 g - 2 potions of haste {@q3}
 i - 4 potions of mutation {!q}
 k - 4 potions of curing {@q1}
 l - 3 potions of brilliance
 o - a potion of attraction {unknown}
 v - 2 potions of cancellation
 D - a potion of might {unknown}
 F - a potion of magic {unknown}
 G - a potion of resistance {unknown}


   Skills:
 + Level 13.5 Fighting
 - Level 4.0 Armour
 + Level 7.7 Dodging
 + Level 2.7 Shields
 + Level 14.1 Unarmed Combat
 - Level 11.0 Shapeshifting


You had 12 spell levels left.
You didn't know any spells.
Your spell library contained the following spells:

 Spells                   Type           Power      Damage    Failure   Level
 Magic Dart               Conj           0%         1d3       99%         1
 Slow                     Hex            0%         N/A       99%         1
 Blink                    Tloc           0%         N/A       100%        2
 Call Imp                 Summ           0%         N/A       100%        2
 Lesser Beckoning         Tloc           0%         N/A       100%        2
 Momentum Strike          Conj/Tloc      0%         3d8       100%        2
 Searing Ray              Conj           0%         2d4       100%        2
 Confusing Touch          Hex            0%         N/A       100%        3
 Dazzling Flash           Conj/Hex       0%         N/A       100%        3
 Mephitic Cloud           Conj/Alch/Air  0%         N/A       100%        3
 Sigil of Binding         Hex            0%         N/A       100%        3
 Vampiric Draining        Necr           0%         2d6       100%        3
 Fulminant Prism          Conj/Alch      0%         3d5       100%        4
 Curse of Agony           Necr           0%         N/A       100%        5
 Silence                  Hex/Air        0%         N/A       100%        5
 Summon Forest            Summ/Tloc      0%         N/A       100%        5
 Eringya's Noxious Bog    Alch           0%         4d6       100%        6
 Summon Hydra             Summ           0%         N/A       100%        7


Dungeon Overview and Level Annotations

Branches:
Dungeon (9/15) Zot: 25772  Temple (1/1) D:6 Zot: 5961    Lair (5/5) D:9 Zot: 23107
  Swamp (0/4) Lair:3        Snake (0/4) Lair:3        Slime (0/5) Lair:5
 Bailey (visited)         Volcano (visited)
    Orc: D:9-12

Altars:
Ashenzari
Cheibriados
Dithmenos
Elyvilon
Fedhas
Hepliaklqana
Kikubaaqudgha
Makhleb
Okawaru
Qazlal
Ru
Sif Muna
Trog
Uskayaw
Vehumet
Wu Jian
Xom
Yredelemnul
Zin
The Shining One
Jiyva

Shops:
D:8 (

Annotations:
D:4 3 runed translucent doors, Inglan's ghost, amateur DjSh; Necromancer21's ghost, novice DECj; NoWhale's ghost, amateur MiBe; Quickbrownfox's ghost, amateur OpSh
Lair:4 exclusion: oklob plant


Innate Abilities, Weirdness & Mutations

You are a hulking beast.
Your limbs bulge with bestial killing power. (Slay +4)
You are too large for most types of armour.
You have a pair of small horns on your head.
You have tough skin. (AC +1)
You gain doubled healing and magic from potions.
Whenever you drink a healing potion, you attack all around you.


Message History

The tyrant leech is lightly wounded.
You block the lindwurm's attack.
The lindwurm claws you but does no damage.
You block the lindwurm's attack. The tyrant leech bites you!!
* * * LOW HITPOINT WARNING * * *
The tyrant leech draws strength from your injuries!
You spin and attack the lindwurm.
You punch the lindwurm!
The lindwurm is moderately wounded.
You spin and attack the tyrant leech.
You hit the tyrant leech.
The tyrant leech is lightly wounded.
The lindwurm breathes flames at you. The blast of flame hits you!!
* * * LOW HITPOINT WARNING * * *
You block the tyrant leech's attack. You block the lindwurm's attack.
The lindwurm claws you but does no damage.
The lindwurm closely misses you.
You take a swig of the potion and flex your muscles.
You punch the tyrant leech! You headbutt the tyrant leech.
The tyrant leech is moderately wounded.
You barely miss the lindwurm.
You headbutt the lindwurm, but do no damage.
The lindwurm is moderately wounded.
You savour every drop.
You feel better.
The lindwurm bites you but does no damage.
The lindwurm claws you but does no damage.
You block the lindwurm's attack. You block the tyrant leech's attack.
Okay, then.
Okay, then.
You pummel the lindwurm!!
The lindwurm is severely wounded.
You block the lindwurm's attack. The lindwurm claws you.
* * * LOW HITPOINT WARNING * * *
The lindwurm claws you but does no damage.
The tyrant leech barely misses you. You block the lindwurm's attack.
The lindwurm completely misses you.
The lindwurm claws you but does no damage.
The tyrant leech bites you!
* * * LOW HITPOINT WARNING * * *
The tyrant leech draws strength from your injuries!
You punch the lindwurm! Your headbutt misses the lindwurm.
The lindwurm is almost dead.
The lindwurm bites you.
* * * LOW HITPOINT WARNING * * *
You block the lindwurm's attack. The lindwurm barely misses you.
You block the tyrant leech's attack.
You barely miss the lindwurm.
The lindwurm is almost dead.
The lindwurm breathes flames at you. The blast of flame hits you!!
You die...

######### ###### #.##.P..#
#####y...### ###......##
##...ww.....##
#....##...###...hk###...$#
....####....#..#### ###..#
..### #......###### ...###
...## ##.#.....##.#
.?##.## #...##
####.....÷### .8##..##
##...#
##.......######....#
###..##
####....#...#.##....#
#.....##
#.#...####...###....#
.#...#.#####...#.#
##...⌠##..##


You could see a tyrant leech, a torpor snail, a lindwurm (catching breath) and a
hornet.

Vanquished Creatures
  An ice dragon (Lair:5)
  Harold (Lair:1)
  2 hydras
  Erica (D:9)
  6 death yaks (Lair:3)
  A two-headed ogre (D:8)
  Sonja (Lair:5)
  An orc knight (Bailey)
  3 lindwurms
  Joseph (Lair:1)
  3 black mambas
  3 elephants (Lair:3)
  4 torpor snails (Lair:5)
  5 komodo dragons
  8 cane toads
  2 rime drakes
  7 hornets
  Grinder (D:6)
  2 tyrant leeches (Lair:5)
  4 polar bears
  Prince Ribbit (D:6)
  11 blink frogs
  13 dream sheep
  A shadow (D:9)
  2 wyverns
  34 yaks
  A fire bat (Volcano)
  A steam dragon (D:8)
  A basilisk (Lair:1)
  3 nagas (Lair:3)
  8 water moccasins
  An acid dragon (D:8)
  4 ice beasts
  8 orc warriors
  4 black bears
  3 ogres
  5 wolves (Lair:5)
  6 centaurs
  12 bullfrogs
  2 gnoll sergeants (D:9)
  2 scorpions (D:4)
  7 wights
  4 killer bees (D:8)
  2 howler monkeys
  3 bombardier beetles
  10 jellies
  3 hounds
  4 orc priests
  An iguana (D:7)
  12 orc wizards
  6 adders
  12 gnolls
  2 shadow imps (D:8)
  2 white imps (D:7)
  3 dart slugs
  A ribbon worm (D:2)
  43 orcs
  18 endoplasms
  2 giant cockroaches
  21 goblins
  7 hobgoblins
  7 kobolds
  8 quokkas
  10 ball pythons
  6 bats
  6 frilled lizards
  2 rats
382 creatures vanquished.

Vanquished Creatures (others)
  A butterfly (D:9)
1 creature vanquished.

Grand Total: 383 creatures vanquished

Notes
Turn   | Place    | Note
-------+----------+-------------------------------------------
     0 | D:1      | GeoRichter the Oni Shapeshifter began the quest for the
                  | Orb.
     0 | D:1      | Reached XP level 1. HP: 19/19 MP: 1/1
    19 | D:1      | Found a faded altar of an unknown god.
    61 | D:1      | Reached skill level 3 in Unarmed Combat
   168 | D:1      | Reached XP level 2. HP: 28/28 MP: 2/2
   660 | D:2      | Reached XP level 3. HP: 35/36 MP: 3/3
  1470 | D:2      | Reached XP level 4. HP: 40/45 MP: 4/4
  1479 | D:2      | Reached skill level 4 in Unarmed Combat
  1790 | D:3      | Found a bloodstained altar of Trog.
  2214 | D:3      | Noticed an ogre
  2426 | D:4      | Reached XP level 5. HP: 49/53 MP: 5/5
  2634 | D:4      | Found a broken altar of Ashenzari.
  2647 | D:4      | Reached skill level 5 in Unarmed Combat
  2858 | D:4      | Reached XP level 6. HP: 60/61 MP: 6/6
  3168 | D:4      | Found a runed translucent gate.
  3168 | D:4      | Found a runed translucent gate.
  3168 | D:4      | Found a runed translucent gate.
  3169 | D:4      | Noticed NoWhale's ghost (amateur MiBe)
  3169 | D:4      | Noticed Quickbrownfox's ghost (amateur OpSh)
  3170 | D:4      | Noticed Inglan's ghost (amateur DjSh)
  3170 | D:4      | Noticed Necromancer21's ghost (novice DECj)
  3235 | D:4      | Reached skill level 6 in Unarmed Combat
  3387 | D:4      | Found a shimmering altar of Xom.
  3503 | D:5      | Entered Level 5 of the Dungeon
  3617 | D:5      | Reached XP level 7. HP: 33/67 MP: 7/7
  3830 | D:5      | Reached skill level 7 in Unarmed Combat
  4095 | D:5      | Found an ancient bone altar of Kikubaaqudgha.
  4418 | D:5      | Reached skill level 8 in Unarmed Combat
  4597 | D:5      | Reached XP level 8. HP: 56/75 MP: 8/8
  4745 | D:6      | Noticed Prince Ribbit
  4911 | D:6      | Killed Prince Ribbit
  4912 | D:6      | Reached skill level 9 in Unarmed Combat
  5509 | D:6      | Reached XP level 9. HP: 70/85 MP: 9/9
  5561 | D:6      | Found a hazy altar of Hepliaklqana.
  5710 | D:6      | Found a staircase to the Ecumenical Temple.
  5733 | Temple   | Entered the Ecumenical Temple
  5751 | Temple   | Became a worshipper of the Wu Jian Council
  5884 | D:6      | Noticed Grinder
  5891 | D:6      | Killed Grinder
  5892 | D:6      | Reached skill level 5 in Fighting
  5892 | D:6      | Reached skill level 10 in Unarmed Combat
  6686 | D:7      | Reached * piety under Wu Jian
  7054 | D:7      | Found a glowing golden altar of the Shining One.
  7116 | D:7      | Found a shadowy altar of Dithmenos.
  7774 | D:8      | Noticed a two-headed ogre
  7776 | D:8      | Reached skill level 5 in Shapeshifting
  7799 | D:8      | Identified 2 scrolls of acquirement
  7812 | D:8      | Reached skill level 11 in Unarmed Combat
  7946 | D:8      | Acquired the +0 kite shield "Riblocvy" {^Contam +Blink rC+
                  | Dex+3}
  7948 | D:8      | Acquired the ring of Xenua {Fly rPois Str+3 Slay+6}
  7964 | D:8      | Reached XP level 10. HP: 80/100 MP: 10/10
  8205 | D:8      | Killed a two-headed ogre
  8754 | D:8      | Reached ** piety under Wu Jian
  8985 | D:8      | Found an iron altar of Okawaru.
  9072 | D:8      | Found Zeoch's Antique Weapon Shoppe.
  9677 | D:9      | Found a flagged portal.
  9687 | Bailey   | Entered a bailey
  9825 | Bailey   | Reached skill level 12 in Unarmed Combat
  9900 | Bailey   | Noticed an orc knight
 10042 | Bailey   | Killed an orc knight
 10179 | Bailey   | Identified the ring of Cihicecen {rCorr Str+2 Dex-3 SInv}
 10252 | D:9      | Found a staircase to the Lair.
 10486 | D:9      | Reached XP level 11. HP: 115/115 MP: 11/11
 10557 | D:9      | Found a white marble altar of Elyvilon.
 10563 | D:9      | Noticed Erica
 10567 | D:9      | Killed Erica
 11244 | D:9      | Noticed a deep elf knight
 11244 | D:9      | Noticed a fire crab
 11399 | Lair:1   | Entered Level 1 of the Lair of Beasts
 11467 | Lair:1   | Found a dark tunnel.
 11467 | Lair:1   | Noticed a lindwurm
 11474 | Lair:1   | Killed a lindwurm
 11480 | Volcano  | Entered a volcano
 11655 | Volcano  | Reached *** piety under Wu Jian
 11808 | Volcano  | Noticed a fire crab
 11821 | Volcano  | Noticed a salamander
 11825 | Volcano  | HP: 3/117 [fire crab] (26)]
 12123 | Lair:1   | Reached skill level 10 in Fighting
 12304 | Lair:1   | Noticed Harold
 12332 | Lair:1   | Killed Harold
 12354 | Lair:1   | Noticed Joseph
 12369 | Lair:1   | Killed Joseph
 13251 | Lair:2   | Reached XP level 12. HP: 106/128 MP: 12/12
 13895 | Lair:3   | Reached skill level 5 in Dodging
 13895 | Lair:3   | Reached skill level 13 in Unarmed Combat
 14081 | Lair:3   | Reached **** piety under Wu Jian
 14169 | Lair:3   | Reached skill level 10 in Shapeshifting
 14344 | Lair:3   | Noticed a death yak
 14345 | Lair:3   | Noticed a death yak
 14360 | Lair:3   | Killed a death yak
 14367 | Lair:3   | Noticed a death yak
 14367 | Lair:3   | Noticed a death yak
 14369 | Lair:3   | Noticed a death yak
 14371 | Lair:3   | Noticed a death yak
 14395 | Lair:3   | Killed a death yak
 14799 | Lair:3   | Killed a death yak
 14803 | Lair:3   | Killed a death yak
 14807 | Lair:3   | Killed a death yak
 14907 | Lair:3   | Killed a death yak
 15133 | Lair:3   | Reached XP level 13. HP: 70/140 MP: 13/13
 15348 | Lair:3   | Found a staircase to the Snake Pit.
 15738 | Lair:3   | Found a staircase to the Swamp.
 15797 | Lair:4   | Reached skill level 1 in Armour
 15878 | Lair:4   | Identified the +1 robe "Cuassirgh" {-Tele rElec Stlth+
                  | Archmagi}
 16867 | Lair:5   | Entered Level 5 of the Lair of Beasts
 16909 | Lair:5   | Reached ***** piety under Wu Jian
 17372 | Lair:5   | Found a staircase to the Slime Pits.
 17372 | Lair:5   | Found a viscous altar of Jiyva.
 17657 | Lair:5   | Reached skill level 1 in Shields
 17752 | Lair:5   | Noticed Sonja
 17772 | Lair:5   | Killed Sonja
 18201 | Lair:5   | Reached skill level 14 in Unarmed Combat
 18496 | Lair:5   | Noticed an ice dragon
 18517 | Lair:5   | Killed an ice dragon
 18674 | Lair:5   | Killed from afar by a lindwurm

Illustrated notes

Levels and vault maps discovered:
D:1:      psy_arrival_terrarium, layout_basic, hellmonk_ecumenical_altar_run_dry
D:2:      layout_basic, minmay_shallow_snake_nest
D:3:      layout_basic, trog_three_pillars_becter,
          nicolae_houndstooth_variations
D:4:      cheibrodos_greedy_goblins, layout_loops_corners,
          cheibrodos_ashenzari_chains, mainiacjoe_overflow_tiny_flanked,
          gammafunk_ghost_cemetery
D:5:      layout_basic, nicolae_kikubaaqudgha_miasma_corner, nicolae_the_louvre
D:6:      layout_basic, mainiacjoe_overflow_chevrons, minmay_temple_entry_wispy,
          chequers_serial_rivers_room_a, grunt_ministairs_8, uniq_grinder,
          uniq_prince_ribbit1
D:7:      layout_loops_ring, tso_oasis_becter,
          mainiacjoe_overflow_concentric_impassable
D:8:      layout_layer_cave, okawaru_altar_gauntlet_db, serial_shops, shop,
          kennysheep_generic_room_14
D:9:      layout_long_grid, nicolae_elyvilon_peaceful_grove,
          david_lair_shrubbed, enter_bailey_5, wad_scary_box, uniq_erica
Temple:   bh_familiar_temple
Lair:1:   layout_gridlike, nicolae_volcano_entry_vermiform, uniq_harold,
          uniq_joseph
Lair:2:   layout_loops_ring
Lair:3:   layout_chaotic_city, mainiacjoe_swamp_entry_lozenge_pond,
          nicolae_snake_entry_squirm, lemuel_fruit_tree
Lair:4:   lemuel_slime, layout_hall_layers
Lair:5:   wormcave, layout_gridlike, slime_entry_1, infiniplex_staircase_pool_2,
          lemuel_fruit_fields, serial_bayou_shore_b, grunt_megastairs_3,
          uniq_sonja

Skill      XL: |  1  2  3  4  5  6  7  8  9 10 11 12 13 |
---------------+----------------------------------------+-----
Unarmed Combat | 3 4 5 6 8 9 11 12 13 14 | 14.1
Fighting       | 2 3 4 6 9 10 12 13 | 13.5
Shapeshifting  | 5 7 9 10 11 | 11.0
Dodging        | 2 4 6 7 |  7.7
Armour         | 4 |  4.0
Shields        | 2 |  2.7

Action                     |  1- 3 |  4- 6 |  7- 9 | 10-12 | 13-15 || total
---------------------------+-------+-------+-------+-------+-------++-------
  Melee: Unarmed           |   109 |   138 |   221 |   389 |   274 ||  1131
         Headbutt          |    11 |    13 |    40 |    97 |    57 ||   218
         Punch             |       |     3 |     9 |       |       ||    12
 Invoke: Serpent's Lash    |       |       |       |     1 |       ||     1
Ability: Lunge             |       |       |    14 |    49 |    24 ||    87
         Whirlwind         |       |       |     8 |    26 |    70 ||   104
         Wall Jump         |       |       |       |       |     1 ||     1
  Evoke: Wand              |       |       |       |     6 |     4 ||    10
    Use: Potion            |     2 |       |     1 |     4 |     1 ||     8
         Scroll            |       |       |     8 |     9 |       ||    17
   Stab: Sleeping          |       |     1 |       |     6 |       ||     7
         Invisible         |       |       |       |     1 |       ||     1
         Distracted        |       |       |       |       |     1 ||     1
 Armour: Animal skin       |    75 |    64 |   150 |    61 |       ||   350
         Skin              |       |       |     9 |    16 |       ||    25
         Shadow dragon sca |       |       |       |   214 |   171 ||   385
  Dodge: Dodged            |    36 |    45 |    66 |    75 |    39 ||   261
  Block: Kite shield       |       |       |       |    85 |   121 ||   206
         Reflection        |       |       |       |       |     2 ||     2
   Form: Beast             |       |       |       |     1 |       ||     1
         Flux              |       |       |       |     1 |       ||     1
